[Event "Titled Tuesday Blitz March 21 Early 2023"]
[White "Yuan, Qingyu"]
[Black "Alex_Sahakyan2006"]
[WhiteFideId "8609772"]
[WhiteElo "2359"]
[BlackElo "2621"]
[Result "1/2-1/2"]
[Round "11"]
[TimeControl "180+2"]
[Date "2023.03.21"]
[WhiteClock "0:00:18"]
[BlackClock "0:00:15"]

1. e4 c5 2. Nf3 Nc6 3. Bb5 g6 4. O-O Bg7 5. Re1 Qb6 6. Bxc6 dxc6 7. c3 c4 8. Qe2 Qc5 9. b3 Be6 10. Ba3 Qb5 11. Nd4 Bxd4 12. cxd4 Nf6 13. d5 cxd5 14. Nc3 Qc6 15. exd5 Nxd5 16. Nxd5 Qxd5 17. bxc4 Qd7 18. Qe5 O-O-O 19. Red1 Qd4 20. Qg3 Qd3 21. Bxe7 Qxg3 22. hxg3 Rd3 23. Rac1 Kd7 24. Bf6 Rc8 25. c5 a6 26. Rc2 Bf5 27. Rb2 Rxc5 28. Rxb7+ Rc7 29. Rxc7+ Kxc7 30. Rc1+ Kd7 31. Bc3 Be6 32. a3 Bf5 33. Re1 h5 34. Re5 Be6 35. Bb4 Rb3 36. Ra5 Rb1+ 37. Kh2 Bc4 38. Rc5 Bf1 39. Ba5 Rd1 40. Rc7+ Ke6 41. Rc6+ Kd5 42. Rf6 Ra1 43. Bb4 a5 44. Bf8 Rd1 45. Bh6 Ra1 46. Bf8 Ra2 47. Rxf7 Ke6 48. Rf4 Rxd2 49. Bg7 Rd5 50. Rf6+ Ke7 51. Bh8 Rd6 52. Rxd6 Kxd6 53. Bc3 a4 54. f3 Bd3 55. g4 hxg4 56. Kg3 gxf3 57. Kxf3 Bf5 58. Kf4 Bb1 59. g3 Ke6 60. Ke3 Kd5 61. Bf6 Kc4 62. Kd2 Kb3 63. Be7 Bf5 64. Ke3 Bb1 65. Kd4 g5 66. Ke5 Bc2 67. g4 Kb2 68. Kf6 Kb3 69. Kxg5 Kc4 70. Kf6 Kd5 71. g5 Kc6 72. Bb4 Kb7 73. g6 Bxg6 74. Kxg6 Ka8 75. Kf5 Kb7 76. Ke5 Ka8 77. Kd5 Kb7 78. Kc5 Ka8 79. Kb6 Kb8 80. Ka6 Ka8 81. Kb5 Kb7 82. Bc3 Ka8 83. Kc6 Kb8 84. Be5+ Ka8 85. Bf4 Ka7 86. Kc7 Ka8 87. Kc8 Ka7 88. Kd8 Ka8 89. Be3 Kb7 90. Bf2 Ka8 91. Bg1 Kb7 92. Bh2 Ka8 93. Bg3 Kb7 94. Bf4 Ka8 95. Bg5 Kb7 96. Bf4 Ka8 1/2-1/2


[Site "https://www.chess.com"]

[Event "Titled Tuesday Blitz March 21 Early 2023"]
[White "Kosteniuk, Alexandra"]
[Black "Richter, Nils"]
[WhiteFideId "4128125"]
[BlackFideId "12990809"]
[WhiteElo "2453"]
[BlackElo "2381"]
[Result "1-0"]
[Round "11"]
[TimeControl "180+2"]
[Date "2023.03.21"]
[WhiteClock "0:00:04"]
[BlackClock "0:00:02"]

1. e4 c6 2. Nc3 d5 3. Nf3 Bg4 4. h3 Bxf3 5. Qxf3 e6 6. g3 Nf6 7. Bg2 Be7 8. O-O O-O 9. Rd1 d4 10. Ne2 e5 11. g4 c5 12. d3 Nc6 13. Qg3 Nd7 14. f4 Bh4 15. Qh2 exf4 16. Bxf4 Bg5 17. Bg3 Qb6 18. Rab1 Be3+ 19. Kh1 Qa5 20. a3 Qa4 21. b3 Qxa3 22. Bd6 Rfe8 23. Ng3 Qa2 24. Bf1 Nb4 25. Nf5 Qxc2 26. Qxc2 Nxc2 27. Rb2 Nb4 28. Nxe3 dxe3 29. Bf4 Ne5 30. Bxe3 b6 31. Kg2 Rad8 32. Rbd2 Nec6 33. Kg3 Nd4 34. Rb1 f6 35. h4 h6 36. Rbb2 g5 37. hxg5 hxg5 38. Rf2 Kg7 39. Rh2 Rh8 40. e5 Rxh2 41. exf6+ Kxf6 42. Rxh2 Nbc2 43. Bd2 Kg6 44. Bg2 Ne2+ 45. Kf2 Nf4 46. Be4+ Kg7 47. Rh7+ Kg8 48. Bxf4 gxf4 49. Rxa7 Nb4 50. Ke2 f3+ 51. Kxf3 Nxd3 52. g5 Ne5+ 53. Kf4 Nd3+ 54. Ke3 Nb4 55. g6 b5 56. Bf5 Re8+ 57. Kf4 c4 58. bxc4 bxc4 59. Kg5 Nd5 60. Kh6 Ne3 61. Bb1 Ng4+ 62. Kg5 Ne5 63. Kf6 Ng4+ 64. Kg5 Ne5 65. Ba2 Rc8 66. Kf6 Ng4+ 67. Kf5 Ne3+ 68. Ke4 Nd1 69. Kd4 Nb2 70. Kc3 Nd1+ 71. Kd2 Nb2 72. Kc2 Nd3 73. Kc3 1-0


[Site "https://www.chess.com"]

[Event "Titled Tuesday Blitz March 21 Early 2023"]
[White "Ingebretsen, Jens E"]
[Black "Molina, Roberto Junio Brito"]
[WhiteFideId "1522965"]
[BlackFideId "2109450"]
[WhiteElo "2213"]
[BlackElo "2376"]
[Result "0-1"]
[Round "11"]
[TimeControl "180+2"]
[Date "2023.03.21"]
[WhiteClock "0:00:16"]
[BlackClock "0:00:25"]

1. c4 c6 2. Nf3 d5 3. e3 Nf6 4. b3 Bg4 5. Bb2 Nbd7 6. Be2 e6 7. O-O Bd6 8. h3 Bh5 9. d4 Ne4 10. Nfd2 Bxe2 11. Qxe2 Nxd2 12. Nxd2 O-O 13. e4 Re8 14. e5 Bf8 15. Rad1 a5 16. a3 Qb6 17. Kh1 Qa6 18. f4 f5 19. exf6 Nxf6 20. Qf3 a4 21. cxd5 exd5 22. Rfe1 axb3 23. Qxb3 Rxe1+ 24. Rxe1 b5 25. Re6 Kf7 26. f5 Bxa3 27. Bxa3 Qxa3 28. Qxa3 Rxa3 29. Rxc6 Ne4 30. Nf3 Ng3+ 31. Kh2 Nxf5 32. Rb6 Rb3 33. Kg1 Ke7 34. Kf2 Nd6 35. Ne5 Ne4+ 36. Kg1 g5 37. Rb7+ Ke6 38. Rxh7 b4 39. Rb7 Rb1+ 40. Kh2 b3 41. Rb6+ Kf5 42. Nd3 Nd2 43. Nc5 Kf4 44. h4 Nf1+ 45. Kh3 g4# 0-1


[Site "https://www.chess.com"]

[Event "Titled Tuesday Blitz March 21 Early 2023"]
[White "benny_aizenberg"]
[Black "Postny, Evgeny"]
[BlackFideId "2804344"]
[WhiteElo "2593"]
[BlackElo "2509"]
[Result "1-0"]
[Round "11"]
[TimeControl "180+2"]
[Date "2023.03.21"]
[WhiteClock "0:01:17"]
[BlackClock "0:00:05"]

1. e4 c5 2. d4 cxd4 3. c3 d3 4. Nf3 d6 5. Bxd3 g6 6. Be3 Bg7 7. Nbd2 Nf6 8. O-O Nc6 9. h3 O-O 10. a4 Qc7 11. Nc4 Nd7 12. a5 Nde5 13. Nfxe5 Nxe5 14. Nxe5 Bxe5 15. Bd4 Be6 16. Bxe5 dxe5 17. Qa4 Rfd8 18. Rfd1 Rd6 19. Be2 Kg7 20. Qb5 Rad8 21. Qxe5+ f6 22. Qb5 Rxd1+ 23. Rxd1 Rxd1+ 24. Bxd1 Bc4 25. Qb4 Bd3 26. Qd4 Bb1 27. b4 e5 28. Qd5 Qxc3 29. Qxb7+ Kh6 30. Qxa7 Qe1+ 31. Kh2 Qxd1 32. b5 Qd2 33. a6 Bxe4 34. Qc5 Qe2 35. Qf8+ Kg5 36. h4+ Kh5 37. Qxf6 h6 38. Qxe5+ Kxh4 39. a7 Qg4 40. g3+ 1-0


[Site "https://www.chess.com"]

[Event "Titled Tuesday Blitz March 21 Early 2023"]
[White "TimGrutter03"]
[Black "Nazari, Arad"]
[BlackFideId "12577324"]
[WhiteElo "2557"]
[BlackElo "2313"]
[Result "0-1"]
[Round "11"]
[TimeControl "180+2"]
[Date "2023.03.21"]
[WhiteClock "0:00:01"]
[BlackClock "0:00:58"]

1. e4 e6 2. d4 d5 3. Nd2 Be7 4. g3 Nf6 5. Bg2 Nfd7 6. exd5 exd5 7. Bxd5 Nf6 8. Bg2 Qxd4 9. Ne2 Qd8 10. O-O O-O 11. c3 c6 12. Nb3 Nbd7 13. Nbd4 Nc5 14. Nf4 Bd6 15. Nd3 Nxd3 16. Qxd3 Bc7 17. Qc2 h6 18. b3 Bg4 19. Bb2 Be5 20. Nf3 Bxf3 21. Bxf3 Qc7 22. Rfe1 Rad8 23. Rad1 Rxd1 24. Rxd1 Rd8 25. Re1 Re8 26. c4 Bxb2 27. Rxe8+ Nxe8 28. Qxb2 Qd6 29. Kg2 b6 30. Qc3 c5 31. a3 a5 32. Bd5 Nf6 33. Qd3 Kf8 34. Be4 Qxd3 35. Bxd3 Ke7 36. f4 Ne8 37. Kf3 Nc7 38. Bf5 g6 39. Bh3 f5 40. g4 Kf6 41. gxf5 gxf5 42. Ke3 Ne6 43. Bg2 Nd4 44. b4 axb4 45. axb4 Nc2+ 46. Kd3 Nxb4+ 47. Kc3 Na2+ 48. Kc2 Nb4+ 49. Kc3 Na6 50. Bc6 Ke6 51. Bf3 Kd6 52. Bg2 Nc7 53. Bf3 Ne6 54. Bd5 Nxf4 55. Bb7 Ke5 56. Kd2 Kd4 57. Bc8 Kxc4 58. Bxf5 Kd4 0-1


[Site "https://www.chess.com"]

[Event "Titled Tuesday Blitz March 21 Early 2023"]
[White "Pham, Le Thao Nguyen"]
[Black "Dehtiarov, Roman"]
[WhiteFideId "12401226"]
[BlackFideId "14186640"]
[WhiteElo "2282"]
[BlackElo "2162"]
[Result "1-0"]
[Round "11"]
[TimeControl "180+2"]
[Date "2023.03.21"]
[WhiteClock "0:00:15"]
[BlackClock "0:00:01"]

1. d4 Nf6 2. Nf3 d5 3. Bf4 Bf5 4. c4 e6 5. Nc3 c6 6. e3 Bd6 7. Ne5 O-O 8. Qb3 Qe7 9. c5 Bxe5 10. Bxe5 Bg6 11. Bd6 Qd7 12. Bxf8 Kxf8 13. Be2 Qc7 14. f4 Nbd7 15. O-O h5 16. Qd1 b6 17. b4 a5 18. a3 Rb8 19. cxb6 Qxb6 20. Na4 Qa7 21. Nc5 Nxc5 22. dxc5 Qb7 23. bxa5 Qa7 24. a6 Rb2 25. Rc1 Be4 26. Rf2 Nd7 27. Qa4 Qa8 28. Qa5 Ke8 29. Bf1 Rb8 30. Rd2 f6 31. Rd4 Rc8 32. Rb4 g5 33. Rb7 Ke7 34. fxg5 fxg5 35. Qc3 Rg8 36. Be2 1-0


[Site "https://www.chess.com"]

[Event "Titled Tuesday Blitz March 21 Early 2023"]
[White "Liyanage, Ranindu Dilshan"]
[Black "Degenbaev, Aziz"]
[WhiteFideId "9915834"]
[BlackFideId "13802640"]
[WhiteElo "2199"]
[BlackElo "2152"]
[Result "1/2-1/2"]
[Round "11"]
[TimeControl "180+2"]
[Date "2023.03.21"]
[WhiteClock "0:00:30"]
[BlackClock "0:00:12"]

1. e4 c5 2. Nc3 d6 3. f4 g6 4. Nf3 Bg7 5. Bb5+ Bd7 6. Bc4 e6 7. d3 Ne7 8. O-O Nbc6 9. f5 gxf5 10. Qe1 O-O 11. Qh4 fxe4 12. dxe4 Ng6 13. Qh5 Nd4 14. Ng5 h6 15. Nxf7 Rxf7 16. Qxg6 Rxf1+ 17. Kxf1 Qh4 18. Kg1 Rf8 19. Be3 Nxc2 20. Bxe6+ Bxe6 21. Qxe6+ Kh8 22. g3 Qh5 23. Nd5 Nxa1 24. Nf4 Rxf4 25. Bxf4 Nc2 26. g4 Qh3 27. Qc8+ Kh7 28. Qf5+ Kg8 29. Qe6+ Kh8 30. Qc8+ Kh7 31. Qf5+ Kh8 32. Qc8+ 1/2-1/2


[Site "https://www.chess.com"]

[Event "Titled Tuesday Blitz March 21 Early 2023"]
[White "Reprintsev, Alexander"]
[Black "Bronstein, Or"]
[WhiteFideId "14100541"]
[BlackFideId "2815770"]
[WhiteElo "2229"]
[BlackElo "2356"]
[Result "0-1"]
[Round "11"]
[TimeControl "180+2"]
[Date "2023.03.21"]
[WhiteClock "0:00:50"]
[BlackClock "0:00:24"]

1. Nc3 d5 2. d4 Nf6 3. Bf4 Bf5 4. Nb5 Na6 5. e3 e6 6. a3 c6 7. Nc3 Nc7 8. Bd3 Bd6 9. Bxd6 Qxd6 10. Bxf5 exf5 11. Nge2 h5 12. Qd2 h4 13. O-O-O a5 14. f3 b5 15. Nb1 Kf8 16. g3 g6 17. Nf4 Kg7 18. Rdg1 b4 19. a4 Rac8 20. Qf2 Ne6 21. Nxe6+ Qxe6 22. gxh4 c5 23. Nd2 cxd4 24. exd4 Qc6 25. Nb3 Qxa4 26. Kb1 Rc4 27. Rg5 Rhc8 28. Rc1 Qxb3 29. cxb3 Rxc1+ 30. Ka2 R8c2 31. Qe3 Rd1 32. Rg1 f4 33. Rxg6+ Kxg6 34. Qxf4 Rcc1 35. Qg5+ Kh7 36. Qf5+ Kg7 37. Qg5+ Kf8 38. Qh6+ Ke7 39. Qe3+ Kd7 0-1


[Site "https://www.chess.com"]

[Event "Titled Tuesday Blitz March 21 Early 2023"]
[White "Hambleton, Aman"]
[Black "Matinian, Nikita"]
[WhiteFideId "2606577"]
[BlackFideId "24129100"]
[WhiteElo "2511"]
[BlackElo "2422"]
[Result "1-0"]
[Round "11"]
[TimeControl "180+2"]
[Date "2023.03.21"]
[WhiteClock "0:00:02"]
[BlackClock "0:00:01"]

1. d4 Nf6 2. Bf4 d5 3. e3 g6 4. c3 Bg7 5. Nf3 O-O 6. h3 b6 7. Nbd2 Bb7 8. Bd3 c5 9. Ne5 Nc6 10. O-O Nd7 11. Nxc6 Bxc6 12. Nf3 c4 13. Bc2 f6 14. Bg3 e5 15. dxe5 fxe5 16. e4 dxe4 17. Nd2 e3 18. Nxc4 exf2+ 19. Rxf2 Rxf2 20. Bxf2 Qg5 21. Qg4 Qxg4 22. hxg4 Nc5 23. Re1 Bd5 24. Nxe5 Bxa2 25. Nc6 Bf6 26. b4 Bxc3 27. Re3 Bd2 28. Ra3 Bd5 29. Ne7+ Kf7 30. Nxd5 Ne6 31. Rf3+ Kg8 32. Rd3 Bf4 33. Rf3 Bd6 34. Re3 Nd4 35. Bd1 Nb5 36. Rd3 a5 37. Nxb6 1-0


[Site "https://www.chess.com"]

[Event "Titled Tuesday Blitz March 21 Early 2023"]
[White "koncheto"]
[Black "Karthik Rajaa"]
[BlackFideId "25035215"]
[WhiteElo "2532"]
[BlackElo "2215"]
[Result "1-0"]
[Round "11"]
[TimeControl "180+2"]
[Date "2023.03.21"]
[WhiteClock "0:00:07"]
[BlackClock "0:00:04"]

1. e4 c6 2. d4 d5 3. Nc3 dxe4 4. Nxe4 Nd7 5. Nf3 Ngf6 6. Ng3 e6 7. Bd3 b6 8. Qe2 Bb7 9. O-O Be7 10. c3 O-O 11. Ne4 c5 12. Nxf6+ Bxf6 13. Be3 cxd4 14. Nxd4 Nc5 15. Bc2 g6 16. Rfd1 Qe7 17. Nb3 Nxb3 18. axb3 Rfd8 19. Qc4 Bd5 20. Qa4 Qb7 21. f3 a6 22. Qf4 Bg7 23. b4 a5 24. b5 Rdc8 25. Qd6 Rab8 26. Bd4 Bxd4+ 27. Rxd4 Qc7 28. Qxc7 Rxc7 29. Be4 Rc5 30. Bxd5 exd5 31. Rad1 Rxb5 32. Rxd5 Rxb2 33. Rd7 a4 34. Ra7 b5 35. Rdd7 Rf8 36. h3 h5 37. Rdb7 h4 38. Rxa4 bxa4 39. Rxb2 Ra8 40. Kf2 Kf8 41. Ke3 Ke7 42. Kd4 Kd6 43. Kc4 Ke5 44. Ra2 Kf4 45. Kb4 Kg3 46. c4 f5 47. c5 Rb8+ 48. Kc4 a3 49. c6 Rb2 50. Rxa3 Rc2+ 51. Rc3 Ra2 52. c7 Ra8 53. Kd3 Kxg2 54. c8=Q Rxc8 55. Rxc8 Kxf3 56. Rg8 f4 57. Rxg6 Kf2 58. Ke4 f3 59. Rf6 Kg3 60. Rxf3+ Kg2 61. Kf4 1-0


[Site "https://www.chess.com"]

[Event "Titled Tuesday Blitz March 21 Early 2023"]
[White "Petukhov, Dmitry"]
[Black "Lorenzo De La Riva, Lazaro"]
[WhiteFideId "4142748"]
[BlackFideId "2268809"]
[WhiteElo "2311"]
[BlackElo "2294"]
[Result "1-0"]
[Round "11"]
[TimeControl "180+2"]
[Date "2023.03.21"]
[WhiteClock "0:00:05"]
[BlackClock "0:00:01"]

1. e4 c6 2. d4 d5 3. Nd2 dxe4 4. Nxe4 Nd7 5. Ng5 Ngf6 6. Bd3 e6 7. Qe2 Bd6 8. N1f3 h6 9. Ne4 Nxe4 10. Qxe4 Nf6 11. Qe2 Qc7 12. O-O b6 13. a4 Bb7 14. h3 c5 15. dxc5 Bxc5 16. a5 Qg3 17. Bb5+ Ke7 18. Be3 Bxf3 19. Bxc5+ bxc5 20. fxg3 Bxe2 21. Bxe2 Rab8 22. b3 Rhd8 23. Bd3 Nd5 24. Rf2 Nb4 25. Bc4 Nc6 26. c3 Ne5 27. Ra4 Rd1+ 28. Kh2 Rc1 29. Re2 f6 30. Re3 Rc2 31. g4 Rd8 32. Bf1 Rd1 33. Ba6 Rdd2 34. Bf1 Rf2 35. Ra1 Ng6 36. Kg3 e5 37. b4 cxb4 38. cxb4 Nf4 39. b5 g5 40. b6 axb6 41. a6 Rxf1 42. Rxf1 Rxg2+ 43. Kf3 Ra2 44. Ke4 Ke6 45. Rc1 Ra4+ 46. Kf3 Rxa6 47. Rc6+ Kf7 48. Rc7+ Kg6 49. Rc6 Nxh3 50. Rxe5 Ra3+ 51. Ke4 Nf4 52. Re8 h5 53. gxh5+ Nxh5 54. Rxb6 g4 55. Rg8+ Ng7 56. Rb7 f5+ 57. Ke5 Re3+ 58. Kf4 Rf3+ 59. Ke5 Re3+ 60. Kd5 Kg5 61. Rbxg7+ Kf4 62. Rf7 Re5+ 63. Kd4 Ra5 64. Rfg7 Kf3 65. Rg5 Kf4 66. Kc3 Rd5 67. Kc4 Rd7 68. R5g7 Rd1 69. Rf7 Ra1 70. Rgf8 Ra5 71. Kb4 1-0


[Site "https://www.chess.com"]

[Event "Titled Tuesday Blitz March 21 Early 2023"]
[White "Yilmaz, Mustafa"]
[Black "Fernandez Hernandez, Arturo A."]
[WhiteFideId "6302718"]
[BlackFideId "3509230"]
[WhiteElo "2523"]
[BlackElo "2393"]
[Result "1-0"]
[Round "11"]
[TimeControl "180+2"]
[Date "2023.03.21"]
[WhiteClock "0:00:09"]
[BlackClock "0:00:07"]

1. e4 c5 2. Nf3 e6 3. d4 cxd4 4. Nxd4 Nc6 5. Nc3 Qc7 6. g3 Nf6 7. Bg2 Bb4 8. O-O a6 9. Nxc6 bxc6 10. e5 Qxe5 11. Bf4 Qh5 12. Bf3 Qf5 13. Na4 O-O 14. Nb6 Ra7 15. Nc4 d5 16. Ne5 Bb7 17. Nd3 Be7 18. g4 Nxg4 19. Bxg4 Qf6 20. Be5 Qh4 21. Bg3 Qf6 22. Ne5 Ba8 23. f4 Qh6 24. c3 c5 25. Qc2 Re8 26. Rae1 Bf8 27. Qa4 Rd8 28. f5 f6 29. Nc6 Bxc6 30. Qxc6 e5 31. Bf3 Rad7 32. Rd1 e4 33. Bg2 a5 34. Qe6+ Kh8 35. Kh1 Re7 36. Qb6 Red7 37. Bxe4 dxe4 38. Qxd8 Rxd8 39. Rxd8 g5 40. Bd6 Kg8 41. Bxf8 Qxf8 42. Rxf8+ Kxf8 43. Re1 1-0


[Site "https://www.chess.com"]

[Event "Titled Tuesday Blitz March 21 Early 2023"]
[White "Urazayev, Arystanbek"]
[Black "Kim, Sergey"]
[WhiteFideId "13709810"]
[BlackFideId "13700570"]
[WhiteElo "2479"]
[BlackElo "2609"]
[Result "1-0"]
[Round "11"]
[TimeControl "180+2"]
[Date "2023.03.21"]
[WhiteClock "0:00:13"]
[BlackClock "0:00:01"]

1. e4 e5 2. Nf3 Nc6 3. Bc4 Bc5 4. d3 Nf6 5. Nc3 d6 6. Na4 O-O 7. O-O Na5 8. Nxc5 Nxc4 9. dxc4 dxc5 10. Qxd8 Rxd8 11. Bg5 h6 12. Bxf6 gxf6 13. b3 Bg4 14. Nh4 Rd2 15. f3 Be6 16. Rf2 Rad8 17. Rxd2 Rxd2 18. Rc1 c6 19. a4 b6 20. Kf1 a6 21. Ke1 Rd4 22. Ra1 Kf8 23. Ke2 Ke7 24. g4 Rd8 25. Ng2 h5 26. h3 hxg4 27. hxg4 Rh8 28. Kf2 Rd8 29. Re1 b5 30. axb5 axb5 31. Ne3 Rh8 32. Kg3 Rd8 33. Re2 Rd4 34. Kf2 Rd8 35. Ke1 Rh8 36. Kd2 Rh3 37. Rf2 Rh1 38. Kc3 Re1 39. Nf1 Rd1 40. Nd2 Re1 41. Kd3 Rd1 42. Rh2 Kd6 43. Re2 Ke7 44. Kc3 Rc1 45. Kb2 Rd1 46. Rf2 Kd6 47. Rh2 Ke7 48. c3 Kd6 49. Kc2 Re1 50. Rf2 Ke7 51. Nf1 Ra1 52. Nd2 Re1 53. Kd3 Kd6 54. Rh2 Ke7 55. Rh8 Rc1 56. Rb8 bxc4+ 57. Nxc4 Rd1+ 58. Kc2 Rf1 59. Nd2 Rf2 60. Kd3 Kd6 61. Ke3 Rh2 62. Nf1 Rb2 63. Nd2 Kc7 64. Rf8 Kd6 65. c4 Ke7 66. Ra8 1-0


[Site "https://www.chess.com"]

[Event "Titled Tuesday Blitz March 21 Early 2023"]
[White "Vakhlamov, Igor L."]
[Black "Orlov, Georgi"]
[WhiteFideId "24126748"]
[BlackFideId "2011271"]
[WhiteElo "2400"]
[BlackElo "2624"]
[Result "1-0"]
[Round "11"]
[TimeControl "180+2"]
[Date "2023.03.21"]
[WhiteClock "0:00:08"]
[BlackClock "0:00:04"]

1. e4 d6 2. d4 Nf6 3. Nc3 g6 4. Be3 Bg7 5. Qd2 Ng4 6. Bg5 h6 7. Bh4 g5 8. Bg3 e5 9. Nf3 exd4 10. Nxd4 Nc6 11. Nxc6 bxc6 12. Bc4 Ne5 13. Bb3 Ba6 14. h4 Rb8 15. hxg5 hxg5 16. Rxh8+ Bxh8 17. O-O-O Qf6 18. Qe3 Rb6 19. f4 gxf4 20. Bxf4 Nc4 21. Qg3 Bg7 22. e5 Nxe5 23. Bxe5 dxe5 24. Qh3 Qh6+ 25. Qxh6 Bxh6+ 26. Kb1 Bc8 27. Ne4 Ke7 28. Rh1 c5 29. Nxc5 Rg6 30. Bd5 f5 31. c4 Kd6 32. b4 e4 33. g4 Be3 34. gxf5 Bxf5 35. Bxe4 Bxe4+ 36. Nxe4+ Ke5 37. Nc3 Kd4 38. Nd5 Bd2 39. Rh4+ Kd3 40. Kb2 Be1 41. Rf4 c6 42. Ne7 Re6 43. Nf5 Bxb4 44. Nd4 Re3 45. Nxc6 Bc3+ 46. Kb3 Bd2 47. Rd4+ Ke2+ 48. Kc2 Be1 49. Rg4 Rc3+ 50. Kb2 Rf3 51. Nd4+ Ke3 52. Nxf3 Kxf3 53. Rd4 Bf2 54. Rd7 Ke4 55. Kb3 Be3 56. Ka4 Kf4 57. Kb5 Ke5 58. a4 Ke6 59. Rd3 a6+ 60. Kxa6 1-0


[Site "https://www.chess.com"]

[Event "Titled Tuesday Blitz March 21 Early 2023"]
[White "Mikhailovsky, Vladimir"]
[Black "Ordekalog"]
[WhiteFideId "34105414"]
[WhiteElo "2293"]
[BlackElo "2579"]
[Result "1-0"]
[Round "11"]
[TimeControl "180+2"]
[Date "2023.03.21"]
[WhiteClock "0:00:58"]
[BlackClock "0:00:03"]

1. d4 d5 2. c4 e6 3. Nc3 c5 4. cxd5 exd5 5. Nf3 Nc6 6. dxc5 d4 7. Na4 Bxc5 8. Nxc5 Qa5+ 9. Bd2 Qxc5 10. e3 Nf6 11. Be2 O-O 12. O-O Bf5 13. Nxd4 Nxd4 14. exd4 Qxd4 15. Bc3 Qb6 16. Qd4 Qxd4 17. Bxd4 Ne4 18. Rac1 Rfc8 19. Rfd1 a6 20. Bf3 f6 21. h4 Nd6 22. Bc5 Ne4 23. Be3 Rxc1 24. Rxc1 Nd6 25. Bf4 Rd8 26. Bd5+ Kf8 27. Rc7 b5 28. Be3 Be4 29. Be6 Re8 30. Bd7 Re5 31. b4 Rd5 32. Bc5 Rd1+ 33. Kh2 1-0


[Site "https://www.chess.com"]

[Event "Titled Tuesday Blitz March 21 Early 2023"]
[White "Crevatin, Leo"]
[Black "Preotu, Razvan"]
[WhiteFideId "1726307"]
[BlackFideId "2613280"]
[WhiteElo "2190"]
[BlackElo "2407"]
[Result "0-1"]
[Round "11"]
[TimeControl "180+2"]
[Date "2023.03.21"]
[WhiteClock "0:00:02"]
[BlackClock "0:00:03"]

1. e4 c5 2. Nf3 d6 3. d4 cxd4 4. Nxd4 Nf6 5. Nc3 a6 6. Bc4 e6 7. Be3 b5 8. Bb3 Bb7 9. f3 Be7 10. Bxe6 fxe6 11. Nxe6 Qc8 12. Nxg7+ Kf7 13. Nf5 b4 14. Na4 Nbd7 15. Nxd6+ Bxd6 16. Qxd6 Qxc2 17. Qxb4 Qxg2 18. O-O-O Rhc8+ 19. Kb1 Qc2+ 20. Ka1 Rab8 21. Qa3 Ne5 22. b3 Nxf3 23. Rhf1 Bxe4 24. Bd4 Rd8 25. Rc1 Nxd4 26. Nc5 Qb1+ 27. Rxb1 Nc2+ 28. Kb2 Nxa3 29. Nxe4 Nxb1 30. Rxf6+ Kg7 31. Kxb1 Re8 32. Rf4 Rb4 33. Rg4+ Kh8 34. Nf6 Re1+ 35. Kb2 Rxg4 36. Nxg4 Kg7 37. a4 h5 0-1


[Site "https://www.chess.com"]

[Event "Titled Tuesday Blitz March 21 Early 2023"]
[White "Hirneise, Jens"]
[Black "Korchmar, Vasiliy"]
[WhiteFideId "24614734"]
[BlackFideId "24131750"]
[WhiteElo "2345"]
[BlackElo "2370"]
[Result "0-1"]
[Round "11"]
[TimeControl "180+2"]
[Date "2023.03.21"]
[WhiteClock "0:00:11"]
[BlackClock "0:00:46"]

1. Nf3 d5 2. g3 g6 3. c4 Bg7 4. cxd5 Qxd5 5. Nc3 Qh5 6. h3 Nc6 7. Bg2 Nf6 8. d3 Be6 9. g4 Qa5 10. Bd2 Qb6 11. Na4 Qb5 12. Rc1 h5 13. Ng5 Bxa2 14. Nc3 Qb3 15. Nxa2 Qxa2 16. Rxc6 hxg4 17. Rxc7 gxh3 18. Bxb7 Rb8 19. Qc1 O-O 20. Rxh3 Nh5 21. Bc3 Bxc3+ 22. Qxc3 Rxb7 23. Rxb7 Qd5 24. Ne4 Qxb7 25. Qe5 Rc8 26. Kf1 Qc7 27. Qxc7 Rxc7 28. Ke1 Rc2 29. Kd1 Rxb2 30. Nc3 Nf4 31. Re3 Ne6 32. Kc1 Rb7 33. Re4 a5 34. Ra4 Ra7 35. d4 Kg7 36. Kd2 g5 37. e3 g4 38. Kd3 f5 39. Ne2 Ng5 40. Nc1 Ne4 41. Ra2 a4 42. Ne2 Nxf2+ 43. Kc4 Ne4 44. Kd5 Kf6 45. Kc6 g3 46. Kb6 Ra8 47. Nf4 a3 48. Nd5+ Kg5 49. Nxe7 Nc3 50. Ra1 a2 51. d5 Rb8+ 52. Kc7 Rb1 53. Rxa2 Nxa2 54. d6 Rd1 55. d7 g2 0-1


[Site "https://www.chess.com"]

[Event "Titled Tuesday Blitz March 21 Early 2023"]
[White "Do Nascimento,Christian Almeida"]
[Black "Itgelt, Khuyagtsogt"]
[WhiteFideId "2143801"]
[BlackFideId "4902912"]
[WhiteElo "2125"]
[BlackElo "2227"]
[Result "1-0"]
[Round "11"]
[TimeControl "180+2"]
[Date "2023.03.21"]
[WhiteClock "0:00:18"]
[BlackClock "0:00:08"]

1. d4 Nf6 2. Bg5 d5 3. e3 Nbd7 4. Nd2 g6 5. Bd3 Bg7 6. f4 c5 7. c3 b6 8. Ngf3 Bb7 9. O-O O-O 10. Ne5 Ne4 11. Nxe4 dxe4 12. Bb5 Nxe5 13. dxe5 f6 14. exf6 exf6 15. Bh4 Qxd1 16. Rfxd1 Rfd8 17. a4 a6 18. Bc4+ Kf8 19. Kf1 h6 20. g4 Ke7 21. f5 g5 22. Bg3 Bc6 23. b3 b5 24. axb5 Bxb5 25. Rxd8 Bxc4+ 26. bxc4 Kxd8 27. Bd6 Kd7 28. Bxc5 Kc6 29. Ra5 Kb7 30. Bb4 Rc8 31. c5 Rc6 32. Ke2 Bf8 33. Ra4 Be7 34. Kd2 Bd8 35. Kc2 Rc7 36. Ba5 Rd7 37. Bxd8 Rxd8 38. Rxe4 Rc8 39. Re7+ Rc7 40. Rxc7+ Kxc7 41. e4 Kc6 42. e5 Kxc5 43. exf6 Kd6 44. c4 Kd7 45. c5 1-0


[Site "https://www.chess.com"]

[Event "Titled Tuesday Blitz March 21 Early 2023"]
[White "Belozerov, Andrei"]
[Black "Ben Artzi, Ido"]
[WhiteFideId "4120213"]
[BlackFideId "2810913"]
[WhiteElo "2360"]
[BlackElo "2204"]
[Result "1-0"]
[Round "11"]
[TimeControl "180+2"]
[Date "2023.03.21"]
[WhiteClock "0:00:04"]
[BlackClock "0:00:01"]

1. d4 Nf6 2. c4 e6 3. g3 d5 4. Nf3 dxc4 5. Bg2 c5 6. O-O Nc6 7. Qa4 Bd7 8. Qxc4 b5 9. Qd3 c4 10. Qd1 Be7 11. a4 b4 12. Nbd2 Na5 13. Ne5 Rc8 14. Nxd7 Qxd7 15. e3 c3 16. bxc3 bxc3 17. Nb3 Nxb3 18. Qxb3 O-O 19. a5 Nd5 20. a6 Rb8 21. Qa4 Qxa4 22. Rxa4 Rfc8 23. e4 Nb4 24. Ba3 c2 25. d5 Nd3 26. Bxe7 Rb1 27. Bg5 c1=Q 28. Bxc1 Rcxc1 29. dxe6 fxe6 30. Rd4 Ne1 31. Rd7 Nf3+ 32. Bxf3 Rxf1+ 33. Kg2 Rg1+ 34. Kh3 Rb6 35. Rxa7 Ra1 36. Be2 Ra2 37. Bc4 Ra4 38. Rb7 Rbxa6 39. Bxa6 Rxa6 40. e5 h6 41. f4 Kh7 42. Kg4 Kg6 43. Re7 h5+ 44. Kh4 Ra2 45. h3 Ra6 46. Rd7 Ra3 47. Rd6 Kf5 48. Rd7 Kg6 49. Re7 Ra6 50. Rc7 Ra3 51. Rb7 Rc3 52. Rb6 Kf5 53. Rb7 g5+ 54. fxg5 Kxe5 55. Rf7 Kd4 56. g6 Rc8 57. g7 1-0


[Site "https://www.chess.com"]

[Event "Titled Tuesday Blitz March 21 Early 2023"]
[White "Papasimakopoulos, Alexandros"]
[Black "Vaglio Munoz, Jaime"]
[WhiteFideId "4244125"]
[BlackFideId "6500145"]
[WhiteElo "2359"]
[BlackElo "2199"]
[Result "1-0"]
[Round "11"]
[TimeControl "180+2"]
[Date "2023.03.21"]
[WhiteClock "0:00:42"]
[BlackClock "0:00:13"]

1. a3 g6 2. h3 Bg7 3. d4 d6 4. Nf3 Nd7 5. e4 c5 6. Nc3 cxd4 7. Nxd4 Ngf6 8. Bc4 O-O 9. O-O a6 10. Ba2 Nc5 11. Qe2 Bd7 12. Bg5 Rc8 13. Rfe1 e5 14. Nf3 Be6 15. Red1 h6 16. Bxf6 Bxf6 17. Nd5 Bxd5 18. Bxd5 b5 19. c4 bxc4 20. Bxc4 a5 21. b4 axb4 22. axb4 Ne6 23. Bxe6 fxe6 24. Qd2 Kg7 25. Qxd6 Qxd6 26. Rxd6 Rce8 27. b5 Rf7 28. b6 Rb7 29. Ra7 Ree7 30. Rxb7 Rxb7 31. Rxe6 Kf7 32. Rc6 Bd8 33. Nxe5+ Ke8 34. Nc4 Kd7 35. Rxg6 h5 36. Rg7+ Be7 37. Rh7 h4 38. e5 Ke6 39. Nd6 Rxb6 40. Rxe7+ Kxe7 41. Nc8+ Ke6 42. Nxb6 Kxe5 43. Nc4+ Kf4 44. Ne3 1-0


[Site "https://www.chess.com"]